 Dungeon Crawl Stone Soup version 0.22-a0-240-g539252a (webtiles) character file.

13 Amnesiac the Charlatan (level 2, -4/14 HPs)
             Began as a Spriggan Artificer on Feb 21, 2018.
             Killed from afar by Sigmund (12 damage)
             ... with a puff of flame
             ... on level 2 of the Dungeon.
             The game lasted 00:01:26 (272 turns).

Amnesiac the Charlatan (Spriggan Artificer)          Turns: 272, Time: 00:01:27

Health: -4/14      AC:  2    Str:  8    XL:     2   Next: 24%
Magic:  6/6        EV: 18    Int: 12    God:
Gold:   27         SH:  0    Dex: 16    Spells: 1/1 levels left

rFire    . . .     SeeInvis +   a - +0 short sword
rCold    . . .     Gourm    .   (shield restricted)
rNeg     . . .     Faith    .   b - +0 robe
rPois    .         Spirit   .   (helmet restricted)
rElec    .         Reflect  .   (no cloak)
rCorr    .         Harm     .   (gloves unavailable)
MR       .....                  (boots unavailable)
Stlth    ++........             (no amulet)
HPRegen  0.04/turn              (no ring)
MPRegen  0.10/turn              (no ring)

@: very quick
A: very small, unfitting armour, see invisible, herbivore, speed 3, slow
metabolism 2
a: no special abilities


You were on level 2 of the Dungeon.
You were not hungry.

You visited 1 branch of the dungeon, and saw 2 of its levels.

You collected 27 gold pieces.

Inventory:

Hand Weapons
 a - a +0 short sword (weapon)
 m - a cursed -3 hunting sling
Missiles
 j - 49 stones (quivered)
Armour
 b - a +0 robe (worn)
Wands
 c - a wand of flame (11)
 d - a wand of enslavement (14)
 e - a wand of random effects (12)
Scrolls
 g - a scroll of identify {!r, unknown}
 i - a scroll of teleportation {!r, unknown}
 k - a scroll of blinking {!r, unknown}
Potions
 h - a potion of magic {!q, unknown}
 l - a potion of curing {!q, unknown}
Comestibles
 f - 3 rations


   Skills:
 + Level 1.0 Fighting
 + Level 1.4 Short Blades
 + Level 3.2 Dodging
 - Level 2.0 Stealth
 * Level 4.3 Evocations


You had one spell level left.
You didn't know any spells.

Dungeon Overview and Level Annotations

Branches:
Dungeon (2/15)

Altars:

Annotations:
D:2 Sigmund


Innate Abilities, Weirdness & Mutations

You are very small and have problems with some larger weapons.
You are too small for most types of armour.
You have supernaturally acute eyesight. (SInv)
You are a herbivore.
You cover ground extremely quickly.
You need consume almost no food.


Message History

Fall back!
j - 49 stones (gained 9)
You see here a hunting sling.
m - a hunting sling You see here a club.
A goblin comes into view.
The goblin shouts!
Found 15 sling bullets and a ring mail.
A goblin opens the door.
You start resting.
The adder hisses angrily.
The adder is too close now for your liking.
Evoke which item? (* to show all) (? for menu, Esc to quit)
Aiming: Throw Flame
Press: ? - help, Shift-Dir - straight line, f - adder
Aim: an adder The puff of flame misses the adder.
The puff of flame misses the goblin.
Evoke which item? (* to show all) (? for menu, Esc to quit)
Aiming: Throw Flame
Press: ? - help, Shift-Dir - straight line, f/p - adder
Aim: an adder The puff of flame hits the adder.
The adder is moderately wounded.
Evoke which item? (* to show all) (? for menu, Esc to quit)
Aiming: Throw Flame
Press: ? - help, Shift-Dir - straight line, f/p - adder
Aim: an adder (moderately wounded)
The puff of flame misses the adder.
Evoke which item? (* to show all) (? for menu, Esc to quit)
Aiming: Throw Flame
Press: ? - help, Shift-Dir - straight line, f/p - adder
Aim: an adder (moderately wounded)
The puff of flame hits the adder.
You kill the adder!
Training target 2.0 for Stealth reached!
Your Fighting skill increases to level 1!
Your Stealth skill increases to level 2!
You have reached level 2!
You swing at nothing.
You swing at nothing.
You hit the goblin.
The goblin is heavily wounded.
The goblin closely misses you.
You hit the goblin.
You kill the goblin!
You start resting.
Sigmund shouts!
You see here a goblin corpse.
Evoke which item? (* to show all) (? for menu, Esc to quit)
Aiming: Random Effects
Press: ? - help, Shift-Dir - straight line, f - Sigmund
Aim: Sigmund, wielding a scythe and wearing a robe The bolt of poison hits Sigmund.
Sigmund is heavily wounded.
Evoke which item? (* to show all) (? for menu, Esc to quit)
Aiming: Random Effects
Press: ? - help, Shift-Dir - straight line, f/p - Sigmund
Aim: Sigmund, wielding a scythe and wearing a robe (heavily wounded)
The puff of flame hits Sigmund.
Sigmund is severely wounded.
Sigmund points at you and mumbles some strange words.
The puff of flame hits you!
Ouch! That really hurt!
You die...

..g#... .('...
##..# ...# ..# #.#
#.# #.# #@# #.#
#.# #.#
#@################
#.................
##################


You could see Sigmund.

Vanquished Creatures
  An adder (D:2)
  A goblin (D:2)
  A bat (D:1)
3 creatures vanquished.

Vanquished Creatures (collateral kills)
  A goblin (D:2)
  A kobold (D:2)
2 creatures vanquished.

Grand Total: 5 creatures vanquished

Notes
Turn   | Place    | Note
-------+----------+-------------------------------------------
     0 | D:1      | Amnesiac the Spriggan Artificer began the quest for the Orb.
     0 | D:1      | Reached XP level 1. HP: 9/9 MP: 4/4
   184 | D:2      | Noticed Sigmund
   244 | D:2      | Reached skill level 1 in Fighting
   244 | D:2      | Reached XP level 2. HP: 7/14 MP: 6/6
   272 | D:2      | Killed from afar by Sigmund

Vault maps used:
D:1:      saegor_arrival_simple_d, minmay_splitting_lines
D:2:      first_ration, minmay_joined_circles, uniq_sigmund

Skill      XL: |  1 |
---------------+----+-----
Fighting       | 1 |  1.0
Stealth        | 2 |  2.0
Short Blades   | |  1.4
Dodging        | |  3.2
Evocations     | |  4.3

Action                   || total
-------------------------++-------
Melee: Short sword       ||     3
Evoke: Wand              ||     8
Armor: Robe              ||     4
Dodge: Dodged            ||     8

Table legend:
 A = Spawn XP
 B = Non-spawn XP
 C = Spawn XP percentage of total XP
 D = Spawn monster count
 E = Non-spawn monster count
 F = Spawn count percentage of total count
 G = Total turns spent on level
                    A         B        C        D         E        F      G
               +---------+---------+-------+---------+---------+-------+---------
         Total |       0 |      19 |   0.0 |       0 |       5 |   0.0 |   272
               +---------+---------+-------+---------+---------+-------+---------
           D:1 |       0 |       1 |   0.0 |       0 |       1 |   0.0 |   172
           D:2 |       0 |      18 |   0.0 |       0 |       4 |   0.0 |   100
               +---------+---------+-------+---------+---------+-------+---------
